 Dungeon Crawl Stone Soup version 0.32-a0-872-g59262bdc9b (webtiles) character file.

Game seed: 13720387396865566292

219027 Ajdolov the Gelid (level 19, -8/154 HPs)
             Began as a Ghoul Earth Elementalist on Mar 30, 2024.
             Was the Champion of Vehumet.
             Killed from afar by a deep elf zephyrmancer (28 damage)
             ... with a bolt of lightning
             ... on level 1 of the Elven Halls.
             The game lasted 02:35:21 (47392 turns).

Ajdolov the Gelid (Ghoul Earth Elementalist)       Turns: 47392, Time: 02:35:22

Health: -8/154     AC: 11    Str: 14      XL:     19   Next: 13%
Magic:  5/36       EV: 10    Int: 17 (20) God:    Vehumet [******]
Gold:   1126       SH:  0    Dex:  8 (9)  Spells: 6/44 levels left

rFire   + . .        b - staff of cold
rCold   + + .        (no shield)
rNeg    + + +        L - +0 leather armour {Will+}
rPois   ∞            D - +0 helmet
rElec   .            Q - +0 cloak
rCorr   .            n - +0 pair of gloves
SInv    .            u - +1 pair of boots {Fly}
Will    ++...        P - amulet of magic regeneration
Stlth   +            w - ring "Wotel" {rF+ rN+}
HPRegen 0.00/turn    S - ring of wizardry
MPRegen 0.65/turn

%: wizardry (x1)
@: flying, inhibited regen
A: claws 1, cold resistance 1, negative energy resistance 3, inhibited
regeneration, torment resistance 2, devour on kill
}: 1/15 runes: decaying
a: Renounce Religion


You were on level 1 of the Elven Halls.
You worshipped Vehumet.
Vehumet was exalted by your worship.
You visited 7 branches of the dungeon, and saw 32 of its levels.
You also visited: Ossuary and Ice Cave.

You collected 3641 gold pieces.
You spent 2515 gold pieces at shops.

Inventory:

Missiles
 p - 4 throwing nets
 V - 4 curare-tipped darts
Armour
 n - a +0 pair of gloves (worn)
 u - a +1 pair of boots of flying (worn)
 D - a +0 helmet (worn)
 L - a +0 leather armour of willpower (worn)
 Q - a +0 cloak (worn)
Magical Staves
 a - a staff of earth
 b - a staff of cold (weapon)
 h - a staff of fire
 T - a staff of air
Jewellery
 m - a ring of protection from fire
 w - the ring "Wotel" (left hand) {rF+ rN+}
   (You found it on level 5 of the Dungeon)

   [ring of protection from fire]

   rF+:       It protects you from fire.
   rN+:       It protects you from negative energy.
 G - a +5 ring of evasion
 I - a ring of ice
 P - an amulet of magic regeneration (around neck)
 S - a ring of wizardry (right hand)
 U - a ring of resist corrosion
Wands
 E - a wand of polymorph (41)
 H - a wand of roots (9)
 J - a wand of flame (57)
 K - a wand of paralysis (49)
 M - a wand of light (11)
 R - a wand of digging (4)
 X - a wand of mindburst (35)
Scrolls
 c - 2 scrolls of teleportation
 d - 5 scrolls of identify
 e - 6 scrolls of vulnerability
 j - 5 scrolls of immolation
 r - 2 scrolls of revelation
 s - 2 scrolls of blinking
 t - 2 scrolls of noise
 v - 3 scrolls of fog
 y - 5 scrolls of torment
 z - 5 scrolls of fear
 A - 4 scrolls of amnesia
 B - 4 scrolls of poison
Potions
 f - 9 potions of ambrosia
 g - 2 potions of heal wounds
 k - 3 potions of mutation
 l - 3 potions of berserk rage
 o - 5 potions of cancellation
 q - 4 potions of brilliance
 x - 14 potions of curing
 C - 4 potions of magic
 F - 2 potions of enlightenment
 N - a potion of haste
 O - a potion of resistance


   Skills:
 - Level 10.0 Fighting
 - Level 10.0 Armour
 - Level 1.7 Dodging
 - Level 2.1 Stealth
 + Level 13.1 Spellcasting
 + Level 13.3 Conjurations
 - Level 10.0 Summonings
 - Level 15.0 Ice Magic
 - Level 5.0 Air Magic
 - Level 15.0 Earth Magic
 - Level 5.0 Evocations


You had 6 spell levels left.
You knew the following spells:

 Your Spells              Type           Power      Damage    Failure   Level
a - Sandblast             Erth           100%       2d20      0%          1
b - Stone Arrow           Conj/Erth      100%       3d13      1%          3
d - Freezing Cloud        Conj/Ice/Air   32%        6-21      1%          5
e - Ozocubu's Refrigerat  Ice            37%        4d15      1%          7
f - Lehudib's Crystal Sp  Conj/Erth      28%        10d7      14%         8
g - Spellforged Servitor  Conj/Summ      25%        N/A       5%          7
h - Irradiate             Conj/Alch      16%        3d17      1%          5
i - Blink                 Tloc           22%        N/A       4%          2

Your spell library contained the following spells:

 Spells                   Type           Power      Damage    Failure   Level
 Polar Vortex             Ice            37%        12d5*     73%         9
 Shatter                  Erth           29%        3d24*     73%         9
 Chain Lightning          Conj/Air       21%        3d28      99%         9
 Freeze                   Ice            100%       1d10      0%          1
 Magic Dart               Conj           100%       1d8       0%          1
 Foxfire                  Conj/Fire      100%       2x1d9     1%          1
 Shock                    Conj/Air       100%       1d9       1%          1
 Call Imp                 Summ           90%        N/A       1%          2
 Ensorcelled Hibernation  Hex/Ice        100%       N/A       1%          2
 Scorch                   Fire           22%        2d5       1%          2
 Static Discharge         Conj/Air       84%        3-7/arc   1%          2
 Frozen Ramparts          Ice            100%       1d16      1%          3
 Hailstorm                Conj/Ice       73%        3d13      1%          3
 Ozocubu's Armour         Ice            75%        N/A       1%          3
 Passwall                 Erth           58%        N/A       1%          3
 Airstrike                Air            14%        2d(2-18)  1%          4
 Brom's Barrelling Bould  Conj/Erth      56%        2d7       1%          4
 Flame Wave               Conj/Fire      33%        2d10      1%          4
 Iskenderun's Mystic Bla Conj/Tloc 33%            2d8        (+2d4     1%          4
 Leda's Liquefaction      Alch/Erth      18%        N/A       1%          4
 Petrify                  Alch/Erth      36%        N/A       1%          4
 Summon Lightning Spire   Summ/Air       36%        N/A       1%          4
 Fireball                 Conj/Fire      16%        3d8       1%          5
 Inner Flame              Hex/Fire       11%        N/A       2%          3
 Necrotise                Necr           44%        1d6       3%          1
 Jinxbite                 Hex            22%        N/A       4%          2
 Martyr's Knell           Necr/Summ      28%        N/A       4%          4
 Metabolic Englaciation   Hex/Ice        26%        N/A       4%          5
 Sticky Flame             Fire/Alch      11%        2d5       8%          4
 Starburst                Conj/Fire      16%        6d6       8%          6
 Summon Cactus Giant      Summ           22%        N/A       8%          6
 Tukima's Dance           Hex            11%        N/A       9%          3
 Vampiric Draining        Necr           11%        2d6       9%          3
 Summon Forest            Summ/Tloc      14%        N/A       11%         5
 Summon Mana Viper        Hex/Summ       28%        N/A       11%         5
 Yara's Violent Unravell  Hex/Alch       5%         3d4       19%         5
 Sculpt Simulacrum        Ice/Alch       26%        N/A       21%         6
 Cause Fear               Hex            5%         N/A       28%         4
 Dimensional Bullseye     Hex/Tloc       5%         N/A       28%         4
 Passage of Golubria      Tloc           11%        N/A       28%         4
 Silence                  Hex/Air        9%         N/A       28%         5
 Plasma Beam              Fire/Air       9%         2x1d20    34%         6
 Curse of Agony           Necr           11%        N/A       58%         5
 Enfeeble                 Hex            5%         N/A       100%        7
 Dragon's Call            Summ           22%        N/A       100%        9


Dungeon Overview and Level Annotations

Branches:
Dungeon (15/15)            Temple (1/1) D:6            Lair (5/5) D:10
  Swamp (4/4) Lair:3       Spider (4/4) Lair:2        Slime (0/5) Lair:4
    Orc (2/2) D:10            Elf (1/3) Orc:2        Vaults (0/5) D:13
 Depths (0/4) D:15        Ossuary (visited)           IceCv (visited)

Altars:
Ashenzari
Cheibriados
Dithmenos
Fedhas
Gozag
Hepliaklqana
Kikubaaqudgha
Makhleb
Nemelex Xobeh
Okawaru
Qazlal
Ru
Sif Muna
Trog
Uskayaw
Vehumet
Wu Jian
Xom
Yredelemnul
Beogh
Jiyva

Shops:
D:13 !?   Orc:2 =*([

Annotations:
D:8 4 transporters
D:10 1 runed translucent door
D:11 3 runed translucent doors, grizmgrazm2's ghost, journeyman GnSh
D:13 1 runed translucent door, Merkmiralles's ghost, journeyman MiBe
Lair:4 HourglassMan's ghost, journeyman GrEE
Swamp:1 3 runed translucent doors, Tycrutoi's ghost, journeyman MiFi
Spider:2 exclusion: downstairs
Spider:4 1 exclusion


Innate Abilities, Weirdness & Mutations

You are immune to poison.
You have sharp fingernails.
Your flesh is cold resistant. (rC+)
You are immune to negative energy. (rN+++)
You do not regenerate when monsters are visible.
You are immune to unholy pain and torment.
You thrive by killing the living.


Message History

The deep elf archer dies!
Vehumet accepts your kill.
The deep elf zephyrmancer moves out of view.
Unknown command.
You start resting.
Your spellforged servitor is engulfed in freezing vapours.
Your spellforged servitor is engulfed in freezing vapours.
Your spellforged servitor casts a spell at the deep elf zephyrmancer.
The crystal spear hits the deep elf zephyrmancer!
The deep elf zephyrmancer casts a spell at you.
The bolt of lightning hits your spellforged servitor!
Your spellforged servitor resists.
The bolt of lightning hits you!!
* * * LOW HITPOINT WARNING * * *
You hear a shout! x2
Things that are here:
a +0 leather armour; the +1 hand axe of Iwaoronn {freeze, rF- Str+2 Int+4 SInv Stlth-}
Casting: Freezing Cloud (mildly dangerous; 1% risk of failure)
Confirm with . or Enter, or press ? or * to list all spells.
Okay, then.
Casting: Freezing Cloud (mildly dangerous; 1% risk of failure)
Confirm with . or Enter, or press ? or * to list all spells.
You feel a surge of power!
The heat is drained from your surroundings.
Your spellforged servitor resists.
Your spellforged servitor is moderately damaged.
The deep elf zephyrmancer is almost dead.
Your spellforged servitor is engulfed in freezing vapours.
Your spellforged servitor gestures at the deep elf zephyrmancer while chanting.
The crystal spear hits the deep elf zephyrmancer!!!
The deep elf zephyrmancer dies!
Vehumet accepts your kill.
You feel your dexterity returning.
A deep elf zephyrmancer comes into view.
It is wielding a +0 dagger and wearing a +3 leather armour of willpower.
The deep elf zephyrmancer shouts!
The deep elf zephyrmancer casts a spell at you.
The bolt of lightning hits your spellforged servitor.
Your spellforged servitor resists.
The bolt of lightning hits you!!
You die...

#§....### $.$..e).#
#$#..##.####### $.$
#...##..# #
###.$)..#######
###e).......#
####<########.#
#.[9§§#######.###
###@...)[.##......#
#.[..#..#).###....#
###...#.##.#..##..#
..##.#.........#.#
#....!.##....#..#..#
..#..##...##..#...#.#
#..#....##......#..#.#
#. .. . .#.##..#.####
. .. #.#...#####


You could see a deep elf zephyrmancer (ally target) and a friendly spellforged
servitor (summoned).

Vanquished Creatures
  the Lernaean hydra (Swamp:4)
  Arachne (Spider:3)
  Jorgrun (Spider:1)
  Gastronok (Lair:3)
  A thorn hunter (Swamp:2)
  A fenstrider witch (Swamp:4)
  An azure jelly (Spider:3)
  6 emperor scorpions
  An orc warlord (Orc:2)
  A ghost moth (Spider:2)
  3 broodmothers
  2 ghouls (Swamp:2)
  5 eleionomae
  4 bunyips
  A spark wasp (Spider:4)
  The ghost of Hoory the Martial Artist, a journeyman GnSh of Yredelemnul (Lair:4)
  The ghost of Aquxosh the Thaumaturge, a journeyman HuCj of Sif Muna (Lair:4)
  An ettin (D:15)
  8 entropy weavers
  3 ice dragons
  2 ghost crabs
  13 hydras
  3 radroaches
  5 vault guards (D:13)
  6 centaur warriors
  4 jorogumos
  An ogre mage (D:10)
  2 two-headed ogres (D:10)
  4 boulder beetles
  3 catoblepae
  12 alligators
  4 death yaks
  A death scarab (Spider:1)
  A tengu warrior (D:15)
  5 demonic crawlers
  An orc high priest (Orc:2)
  4 deep elf knights (Elf:1)
  4 skeletal warriors (D:14)
  A skyshark (Lair:3)
  5 pharaoh ants
  12 swamp dragons
  5 goliath frogs
  5 orb spiders
  3 spriggan druids
  A sun moth (Spider:3)
  Lodul (D:11)
  A deep troll (D:15)
  An obsidian bat (Orc:1)
  A necromancer (D:15)
  4 bog bodies
  Pikel (D:6)
  2 lindwurms
  A spectral wolf spider (Spider:4)
  4 steelbarb worms
  5 orc knights (Orc:2)
  4 nameless horrors
  4 deep elf pyromancers (Elf:1)
  4 deep elf zephyrmancers (Elf:1)
  3 orc sorcerers
  2 deep elf archers
  A wolf spider zombie (Spider:4)
  17 wolf spiders
  A cyclops (D:11)
  2 will-o-the-wisps
  22 ugly things
  A moth of wrath (Spider:3)
  A manticore (D:14)
  3 meliai (D:15)
  10 elephants
  4 kobold blastminers
  2 black mambas (Lair:3)
  An eye of devastation (Lair:4)
  4 gargoyles
  8 torpor snails
  3 efreet
  6 rime drakes
  15 cane toads
  An unseen horror (D:12)
  13 komodo dragons
  A redback zombie (Spider:4)
  A kobold demonologist (D:13)
  2 freezing wraiths (Spider:3)
  4 tengu conjurers
  3 bloated husks (Swamp:3)
  A queen bee (D:9)
  4 trolls
  A queen bee (shapeshifter) (D:13)
  3 polar bears
  8 tyrant leeches
  A spectral jumping spider (Spider:4)
  A tarantella zombie (Spider:4)
  A spectral tarantella (Spider:4)
  A glass eye (Lair:4)
  13 slime creatures
  4 dream sheep (Lair:5)
  23 tarantellas
  A jumping spider zombie (Spider:4)
  8 hornets
  14 blink frogs
  18 jumping spiders
  A culicivora (shapeshifter) (D:15)
  4 spriggans
  9 culicivoras
  Eustachio (D:6)
  A vampire (D:15)
  A wraith (D:12)
  A human (D:13)
  3 basilisks (Lair:5)
  41 yaks
  36 redbacks
  2 steam dragons
  2 wargs (Orc:2)
  21 vampire mosquitoes
  Menkaure (D:4)
  13 swamp worms
  7 acid dragons
  9 water moccasins
  10 swamp drakes
  22 orc warriors
  6 laughing skulls
  9 black bears
  4 ice beasts
  15 ogres
  A sky beast (D:7)
  10 centaurs
  11 wolves
  A lemure (D:6)
  3 phantoms
  8 bullfrogs
  A kobold brigand (D:10)
  Blork the orc (Orc:2)
  5 scorpions
  3 gnoll sergeants
  32 killer bees
  6 howler monkeys
  2 electric eels (Lair:3)
  A lava snake (D:7)
  7 hounds
  2 bombardier beetles
  16 orc priests
  2 gnoll boudas (D:5)
  19 orc wizards
  4 sleepcaps
  A hell rat (D:10)
  13 iguanas
  Natasha (thrice) (D:2)
  2 crocodile zombies (Ossuary)
  A mummy (Ossuary)
  22 gnolls
  14 adders
  3 river rats (D:10)
  A white imp (D:7)
  2 ufetubi (D:7)
  3 ribbon worms
  62 orcs
  9 ball pythons
  11 endoplasms
  3 giant cockroaches
  4 hobgoblins
  3 jackals (D:3)
  2 quokkas
  8 bats
  3 frilled lizards
  10 goblins
  A goblin zombie (D:5)
  9 kobolds
  A kobold zombie (Ossuary)
  A quokka zombie (D:5)
  6 rats
  2 butterflies
971 creatures vanquished.

Vanquished Creatures (collateral kills)
  A ghoul (Swamp:1)
  5 eleionomae
  2 bunyips
  A spark wasp (Spider:4)
  A hydra (Swamp:2)
  A jorogumo (Spider:4)
  5 alligators
  A ghost crab (Swamp:4)
  A spriggan air mage (Swamp:3)
  4 dancing weapons (Elf:1)
  3 deep elf knights (Elf:1)
  A spriggan druid (Swamp:4)
  A bog body (Swamp:1)
  A deep elf archer (Elf:1)
  A wolf spider (Spider:4)
  2 swamp dragons
  3 deep elf zephyrmancers (Elf:1)
  6 deep elf pyromancers (Elf:1)
  2 will-o-the-wisps
  2 moths of wrath (Spider:4)
  A spectral redback (Spider:4)
  2 tyrant leeches
  2 spectral jumping spiders (Spider:4)
  A spectral tarantella (Spider:4)
  A tarantella (Spider:4)
  A tarantella zombie (Spider:4)
  2 jumping spiders (Spider:4)
  2 spriggans
  A fire elemental (Elf:1)
  2 redbacks
59 creatures vanquished.

Vanquished Creatures (others)
  A bunyip (Swamp:3)
  A bloated husk (Swamp:1)
  A tarantella (Spider:1)
  A hornet (Swamp:2)
  A yak (Lair:5)
  An orc (D:10)
  2 foxfires (Swamp:2)
8 creatures vanquished.

Grand Total: 1038 creatures vanquished

Notes
Turn   | Place    | Note
-------+----------+-------------------------------------------
     0 | D:1      | Ajdolov the Ghoul Earth Elementalist began the quest for
                  | the Orb.
     0 | D:1      | Reached XP level 1. HP: 14/14 MP: 3/3
   133 | D:1      | Reached XP level 2. HP: 20/20 MP: 3/5
   808 | D:1      | Found a faded altar of an unknown god.
   849 | D:1      | Reached XP level 3. HP: 26/26 MP: 2/6
  1222 | D:2      | Reached XP level 4. HP: 33/33 MP: 4/8
  1504 | D:2      | Noticed Natasha
  1511 | D:2      | Killed Natasha
  1512 | D:2      | Reached XP level 5. HP: 14/38 MP: 0/9
  1732 | D:2      | Reached skill level 5 in Earth Magic
  1767 | D:2      | Noticed Natasha
  1796 | D:2      | Killed Natasha
  2488 | D:2      | Noticed Natasha
  2495 | D:2      | Killed Natasha
  2496 | D:2      | Reached XP level 6. HP: 40/45 MP: 5/11
  2522 | D:2      | Learned a level 3 spell: Stone Arrow
  2795 | D:3      | Identified the +0 ring mail "Fuigheo" {-Cast rF++}
  3516 | D:4      | Noticed a black bear
  3522 | D:4      | Killed a black bear
  3523 | D:4      | Reached XP level 7. HP: 50/50 MP: 8/13
  3957 | D:4      | Reached skill level 5 in Spellcasting
  4328 | D:5      | Entered Level 5 of the Dungeon
  4328 | D:5      | Noticed Menkaure
  4333 | D:4      | Killed Menkaure
  4334 | D:4      | Reached XP level 8. HP: 57/57 MP: 9/16
  4352 | D:5      | Found a sand-covered staircase.
  4352 | D:5      | Identified the ring "Wotel" {rF+ rN+}
  4376 | Ossuary  | Entered an ossuary
  4535 | D:5      | Noticed Eustachio
  4821 | D:5      | You are sucked into a shaft and drop 3 floors!
  5409 | D:6      | Reached XP level 9. HP: 60/62 MP: 12/19
  5542 | D:6      | Found a staircase to the Ecumenical Temple.
  5552 | Temple   | Entered the Ecumenical Temple
  5559 | Temple   | Became a worshipper of Vehumet
  5721 | D:6      | Reached skill level 10 in Earth Magic
  5863 | D:6      | Found a sacrificial altar of Ru.
  6022 | D:6      | Killed Eustachio
  6102 | D:5      | Reached skill level 1 in Conjurations
  6241 | D:5      | Reached skill level 1 in Fighting
  6950 | D:6      | Noticed Pikel
  6964 | D:6      | Killed Pikel
  6965 | D:6      | Reached XP level 10. HP: 80/80 MP: 12/22
  7103 | D:6      | Found a shadowy altar of Dithmenos.
  7593 | D:7      | Reached * piety under Vehumet
  7593 | D:7      | Offered knowledge of Shock by Vehumet.
  7617 | D:7      | Reached skill level 5 in Fighting
  8425 | D:8      | Found a transporter.
  8427 | D:8      | Found a transporter.
  8431 | D:8      | Found a transporter.
  8481 | D:8      | Found a transporter.
  9601 | D:9      | Reached skill level 5 in Conjurations
  9690 | D:9      | Reached ** piety under Vehumet
  9690 | D:9      | Offered knowledge of Searing Ray by Vehumet.
 10887 | D:9      | Found Ynnaukh's Elemental Accessories.
 10895 | D:9      | Bought a staff of earth for 325 gold pieces
 10912 | D:9      | Reached XP level 11. HP: 94/94 MP: 21/23
 11003 | D:9      | Found a bloodstained altar of Trog.
 11119 | D:10     | Entered Level 10 of the Dungeon
 11309 | D:10     | Offered knowledge of Frozen Ramparts by Vehumet.
 11314 | D:10     | Learned a level 3 spell: Frozen Ramparts
 11351 | D:10     | Noticed a two-headed ogre
 11396 | D:10     | Found a staircase to the Orcish Mines.
 11429 | D:10     | Reached skill level 1 in Ice Magic
 11431 | D:10     | Reached *** piety under Vehumet
 11449 | D:10     | Noticed a death yak
 11452 | D:10     | Found a staircase to the Lair.
 11825 | D:10     | Noticed a two-headed ogre
 11842 | D:10     | Killed a two-headed ogre
 12352 | D:10     | Killed a two-headed ogre
 12792 | D:10     | Found a runed translucent door.
 12792 | D:10     | Noticed an ogre mage
 12795 | D:10     | Killed an ogre mage
 12796 | D:10     | Noticed a boulder beetle
 12907 | D:10     | Killed a death yak
 12908 | D:10     | Reached skill level 10 in Fighting
 12908 | D:10     | Reached skill level 5 in Ice Magic
 13132 | D:11     | Noticed Lodul
 13180 | D:11     | Offered knowledge of Sticky Flame by Vehumet.
 13356 | D:11     | Noticed a boulder beetle
 13559 | Lair:1   | Entered Level 1 of the Lair of Beasts
 14066 | Lair:1   | Noticed a lindwurm
 14069 | Lair:1   | Killed a lindwurm
 14070 | Lair:1   | Reached XP level 12. HP: 87/106 MP: 14/24
 15093 | Lair:2   | Found a hole to the Spider Nest.
 15098 | Lair:2   | Reached **** piety under Vehumet
 15169 | Lair:2   | Offered knowledge of Inner Flame by Vehumet.
 15206 | Lair:2   | Reached skill level 10 in Ice Magic
 15887 | Lair:2   | You are sucked into a shaft and drop 2 floors!
 16047 | Lair:3   | Noticed a skyshark
 16064 | Lair:3   | Noticed Gastronok
 16644 | Lair:3   | Noticed a catoblepas
 16660 | Lair:3   | Killed a catoblepas
 16842 | Lair:2   | Reached XP level 13. HP: 72/113 MP: 3/25
 17634 | Lair:3   | Reached ***** piety under Vehumet
 17640 | Lair:3   | Killed Gastronok
 18058 | Lair:3   | Found a staircase to the Swamp.
 18247 | Lair:3   | Offered knowledge of Conjure Ball Lightning by Vehumet.
 18552 | Lair:4   | Identified the +0 mace of Hacum {chaos, rPois Int+6 Dex-4
                  | Stlth+}
 19179 | Lair:4   | Found a runed translucent gate.
 19179 | Lair:4   | Found a runed translucent gate.
 19179 | Lair:4   | Found a runed translucent gate.
 19184 | Lair:4   | Noticed Aquxosh's ghost (journeyman HuCj)
 19184 | Lair:4   | Noticed Hoory's ghost (journeyman GnSh)
 19185 | Lair:4   | Noticed HourglassMan's ghost (journeyman GrEE)
 19385 | Lair:4   | Found a viscous altar of Jiyva.
 19386 | Lair:4   | Found a staircase to the Slime Pits.
 19412 | Lair:4   | Reached skill level 10 in Conjurations
 19940 | D:9      | Bought the Opusculum on Fog for 208 gold pieces
 19940 | D:9      | Bought a wand of flame (6) for 54 gold pieces
 19946 | D:9      | Learned a level 5 spell: Freezing Cloud
 20089 | Lair:5   | Entered Level 5 of the Lair of Beasts
 20098 | Lair:5   | Reached skill level 1 in Air Magic
 20729 | Lair:5   | Reached XP level 14. HP: 121/121 MP: 24/26
 21057 | Lair:5   | Offered knowledge of Iskenderun's Battlesphere by Vehumet.
 21690 | Lair:5   | Reached skill level 15 in Ice Magic
 21778 | Lair:5   | Reached skill level 5 in Air Magic
 21852 | Lair:5   | Reached skill level 1 in Evocations
 23223 | D:11     | Reached skill level 5 in Evocations
 23576 | D:11     | Killed Lodul
 23685 | D:11     | Found a runed translucent gate.
 23685 | D:11     | Found a runed translucent gate.
 23686 | D:11     | Found a runed translucent gate.
 23688 | D:11     | Noticed grizmgrazm2's ghost (journeyman GnSh)
 24154 | D:9      | Bought the Collected Works on Hail for 624 gold pieces
 24162 | D:9      | Learned a level 7 spell: Ozocubu's Refrigeration
 25295 | Orc:1    | Entered Level 1 of the Orcish Mines
 25464 | Orc:1    | You are sucked into a shaft and drop 1 floor!
 25464 | Orc:2    | Entered Level 2 of the Orcish Mines
 25464 | Orc:2    | Found a staircase to the Elven Halls.
 25467 | Orc:2    | Noticed Blork the orc
 25472 | Orc:2    | Killed Blork the orc
 26395 | Orc:2    | Paralysed by an orc sorcerer for 2 turns
 26502 | Orc:2    | Reached XP level 15. HP: 126/126 MP: 25/27
 26520 | Orc:2    | Noticed an orc warlord
 26566 | Orc:2    | Killed an orc warlord
 26734 | Orc:2    | Found a roughly hewn altar of Beogh.
 26747 | Orc:2    | Offered knowledge of Arcjolt by Vehumet.
 26827 | Orc:2    | Found Fuquskoa's Jewellery Boutique.
 26863 | Orc:2    | Found Duicadd's General Store.
 26905 | Orc:2    | Found Qiaf's Antique Weapon Boutique.
 26922 | Orc:2    | Found a roughly hewn altar of Beogh.
 27016 | Orc:2    | Found Oduattoh's Antique Armour Boutique.
 27511 | Orc:2    | Bought an amulet of magic regeneration for 330 gold pieces
 27946 | D:13     | Found Irune's Distillery.
 28285 | D:13     | Found Wedogg's Magic Scroll Emporium.
 28863 | D:13     | Found a gate to the Vaults.
 29083 | D:13     | Found a runed translucent door.
 29083 | D:13     | Noticed Merkmiralles's ghost (journeyman MiBe)
 29346 | D:13     | Found a hazy altar of Hepliaklqana.
 29466 | D:13     | Bought a scroll of teleportation for 39 gold pieces
 29466 | D:13     | Bought a scroll of blinking for 97 gold pieces
 29466 | D:13     | Bought a scroll of teleportation for 39 gold pieces
 29466 | D:13     | Bought a scroll of torment for 123 gold pieces
 30391 | D:14     | Found a snail-covered altar of Cheibriados.
 30534 | D:14     | Offered knowledge of Lee's Rapid Deconstruction by Vehumet.
 30670 | D:15     | Entered Level 15 of the Dungeon
 30692 | D:15     | Reached skill level 10 in Spellcasting
 30920 | D:15     | Found a staircase to the Depths.
 30927 | D:15     | Reached XP level 16. HP: 134/134 MP: 21/30
 32092 | Lair:4   | Killed Aquxosh's ghost
 32148 | Lair:4   | Killed Hoory's ghost
 32412 | Lair:4   | Identified the ring of the Messenger {+Blink MP-9 Str+2
                  | Dex+6}
 33483 | Orc:2    | Bought a scroll of teleportation for 39 gold pieces
 33483 | Orc:2    | Bought a scroll of fear for 52 gold pieces
 33483 | Orc:2    | Bought a potion of enlightenment for 65 gold pieces
 33483 | Orc:2    | Bought a scroll of brand weapon for 123 gold pieces
 33483 | Orc:2    | Bought a scroll of amnesia for 52 gold pieces
 33670 | D:13     | Bought a potion of curing for 45 gold pieces
 33670 | D:13     | Bought 2 potions of curing for 90 gold pieces
 33670 | D:13     | Bought a potion of magic for 120 gold pieces
 33670 | D:13     | Bought a potion of curing for 45 gold pieces
 33670 | D:13     | Bought a potion of curing for 45 gold pieces
 33785 | Spider:1 | Entered Level 1 of the Spider Nest
 34246 | Spider:1 | Identified the +6 ring mail of Noizoit {+Inv rElec}
 34361 | Spider:1 | Reached skill level 15 in Earth Magic
 34362 | Spider:1 | Reached skill level 1 in Armour
 34820 | Spider:1 | Noticed Jorgrun
 34825 | Spider:1 | Killed Jorgrun
 34840 | Spider:1 | Learned a level 8 spell: Lehudib's Crystal Spear
 35709 | Spider:1 | Offered knowledge of Spellforged Servitor by Vehumet.
 35845 | Spider:1 | Learned a level 7 spell: Spellforged Servitor
 36204 | Spider:2 | HP: 2/134 [something (6)]
 36577 | Spider:2 | Reached skill level 5 in Armour
 37362 | Spider:3 | Found a glacial archway.
 37362 | Spider:3 | Noticed an azure jelly
 37426 | Spider:3 | Killed an azure jelly
 37427 | Spider:3 | Reached skill level 1 in Summonings
 37718 | Spider:3 | Reached XP level 17. HP: 126/140 MP: 15/33
 37794 | IceCv    | Entered an ice cave
 38756 | Spider:3 | Noticed Arachne
 38763 | Spider:3 | Killed Arachne
 38938 | Spider:4 | Entered Level 4 of the Spider Nest
 39167 | Spider:4 | Offered knowledge of Irradiate by Vehumet.
 39170 | Spider:4 | Reached skill level 5 in Summonings
 39417 | Swamp:1  | Entered Level 1 of the Swamp
 39491 | Swamp:1  | Identified the +3 scale mail of Intuition {Int+2 Dex+5}
 39798 | Swamp:1  | Learned a level 5 spell: Irradiate
 39874 | Swamp:1  | Found a runed translucent gate.
 39874 | Swamp:1  | Found a runed translucent gate.
 39874 | Swamp:1  | Found a runed translucent gate.
 39952 | Swamp:1  | Identified the +5 war axe "Ogrebane" {venom, Fly rElec rC-
                  | rCorr}
 40181 | Swamp:1  | Noticed Tycrutoi's ghost (journeyman MiFi)
 41762 | Swamp:2  | Reached skill level 10 in Armour
 42276 | Swamp:2  | Identified the +1 ring mail of the Four Nightingales {rElec
                  | Int-5 Slay+3}
 42326 | Swamp:3  | Reached XP level 18. HP: 147/147 MP: 34/34
 42729 | Swamp:3  | Reached ****** piety under Vehumet
 42767 | Swamp:3  | Offered knowledge of Ignition by Vehumet.
 43455 | Swamp:4  | Entered Level 4 of the Swamp
 44617 | Swamp:4  | Noticed the 27-headed Lernaean hydra
 44953 | Swamp:4  | Killed the 27-headed Lernaean hydra
 44967 | Swamp:4  | Reached skill level 10 in Summonings
 45241 | Swamp:4  | Got a decaying rune of Zot
 45473 | Spider:3 | Learned a level 2 spell: Blink
 46417 | Spider:4 | Offered knowledge of Shatter by Vehumet.
 46417 | Spider:4 | Offered knowledge of Chain Lightning by Vehumet.
 46417 | Spider:4 | Offered knowledge of Polar Vortex by Vehumet.
 46939 | Elf:1    | Entered Level 1 of the Elven Halls
 47085 | Elf:1    | Reached XP level 19. HP: 120/154 MP: 28/35
 47113 | Elf:1    | Identified the +1 hand axe of Iwaoronn {freeze, rF- Str+2
                  | Int+4 SInv Stlth-}
 47392 | Elf:1    | Killed from afar by a deep elf zephyrmancer

Illustrated notes

Levels and vault maps discovered:
D:1:      onia_arrival_mini_spirals, layout_loops_ring,
          hellmonk_ecumenical_altar_pennies_from_heaven, serial_forest,
          infiniplex_forest_lined_3_way, infiniplex_forest_lined_room_3,
          infiniplex_forest_split, infiniplex_forest_clump_cross,
          infiniplex_forest_lined_3, infiniplex_forest_zigzag_1,
          infiniplex_forest_clump_double, infiniplex_forest_join,
          infiniplex_forest_corner_1, minmay_misc_feat_five,
          minmay_misc_feat_pillars
D:2:      minmay_chambers_of_twos, layout_loops_ring, uniq_natasha
D:3:      minmay_inner_zag, layout_loops_ring
D:4:      layout_loops_ring, elyvilon_altar_3, chequers_serial_rivers_small_b
D:5:      minmay_recursive_quarters, layout_cave_pools, enter_ossuary_4,
          uniq_eustachio, uniq_menkaure
D:6:      layout_loops_ring, grunt_dithmenos_smoke,
          mainiacjoe_overflow_small_starburst,
          minmay_temple_entry_drinking_statues, uniq_pikel
D:7:      layout_loops_ring, grunt_ministairs_4, kennysheep_big_empty_room
D:8:      layout_cave_pools, nicolae_transporter_circle
D:9:      layout_roguey [special_room_bee], mainiacjoe_overflow_catwalk,
          trog_book, nicolae_elemental_shop
D:10:     lemuel_ice_spiral_2, layout_irregular_city, dpeg_lair_monsters,
          erik_orc_4, minivault_13
D:11:     layout_gridville, maelrawn_ghost_gauntlet_escape, uniq_lodul
D:12:     layout_roguey
D:13:     layout_roguey, grunt_vaults_entry_fortified,
          hellmonk_ghost_happy_afterlife, serial_shops,
          nicolae_shop_advertising_works [nicolae_subvault_shop_adworks], shop,
          hangedman_abyss_or_decor_lesser_grid, nicolae_hepliaklqana_hippocampus
D:14:     layout_basic, cheibriados_altar_1
D:15:     hangedman_depths_entry_civil_slaughter, layout_rooms,
          minmay_misc_feat_hallway, zin_scriptorium
Temple:   sentei_temple_godly_chess
Lair:1:   layout_loops_ring, serial_bayou_pond_d
Lair:2:   layout_regular_city, spider_nest_entry_webs
Lair:3:   layout_gridlike, nicolae_swamp_entry_splash_gauntlet,
          grunt_megastairs_4, uniq_gastronok
Lair:4:   layout_cave_pods, minmay_slime_entry_eyes, gammafunk_ghost_cemetery,
          chequers_serial_rivers_micro_b, lemuel_fruit_fields,
          lemuel_fruit_fields
Lair:5:   guppyfry_lair_end_dragon, layout_cave_pods, wormcave,
          grunt_forest_small_clearings
Swamp:1:  layout_falls_marsh, gammafunk_ghost_necromancy,
          evilmike_swamp_ruin_house_3, swamp_pool_1_2,
          nicolae_swamp_orc_logging_accident, hangedman_swamp_grove
Swamp:2:  layout_basic_swamp, evilmike_swamp_ruin_rubble_2, swamp_pool_1_2,
          nicolae_swamp_frolicking_bunyips
Swamp:3:  nicolae_swamp_husk_halls, layout_basic_swamp,
          evilmike_swamp_ruin_house_5, infiniplex_staircase_pool
Swamp:4:  swamp_old_school, layout_basic_swamp
Spider:1: layout_spider_delve, uniq_jorgrun
Spider:2: nicolae_spider_hilbert_zone_1 [nicolae_spider_hilbert_4_sides_1_open,
          nicolae_spider_hilbert_4_sides_1_open,
          nicolae_spider_hilbert_4_sides_1_open,
          nicolae_spider_hilbert_4_sides_1_open,
          nicolae_spider_hilbert_3_sides_1_open,
          nicolae_spider_hilbert_3_sides_1_open,
          nicolae_spider_hilbert_3_sides_1_open,
          nicolae_spider_hilbert_3_sides_1_open,
          nicolae_spider_hilbert_3_sides_1_open,
          nicolae_spider_hilbert_6_sides_1_open,
          nicolae_spider_hilbert_6_sides_1_open,
          nicolae_spider_hilbert_3_sides_1_open,
          nicolae_spider_hilbert_3_sides_1_open,
          nicolae_spider_hilbert_3_sides_1_open,
          nicolae_spider_hilbert_3_sides_1_open,
          nicolae_spider_hilbert_2_sides_1_open]
Spider:3: layout_cave_pods, portal_ice_cave_entry_frozen_things, uniq_arachne
Spider:4: floodkiller_spider_rune_tomb, hellmonk_spider_spawner
Orc:1:    layout_caves, nicolae_shop_vocational
Orc:2:    grunt_orc_cross, layout_diamond_mine, basic_altar,
          nicolae_orc_crystal_seam
Elf:1:    minmay_the_grid_octo_tiled_squarecenter_mashed
          [minmay_the_grid_octo_clover_2, minmay_the_grid_octo_teeth,
          minmay_the_grid_octo_focus, minmay_the_grid_octo_shrine,
          minmay_the_grid_square_5x5_megaprize_open,
          minmay_the_grid_square_5x5_moneybag,
          minmay_the_grid_square_5x5_tri_point, minmay_the_grid_square_5x5_c,
          minmay_the_grid_square_5x5_three_walls], layout_geoelf_diagonals,
          gammafunk_ghost_tricky_traps, nicolae_elf_shapeshifter_party,
          serial_sigils_hangedman_scratch, hangedman_elf_simple_split,
          uniq_roxanne

Skill      XL: |  1  2  3  4  5  6  7  8  9 10 11 12 13 14 15 16 17 18 19 |
---------------+----------------------------------------------------------+-----
Spellcasting   | 2 3 4 5 6 8 10 12 13 | 13.1
Earth Magic    | 4 5 6 7 9 10 11 14 15 | 15.0
Conjurations   | 3 6 8 10 11 13 | 13.3
Fighting       | 4 8 10 | 10.0
Ice Magic      | 8 12 14 15 | 15.0
Air Magic      | 3 5 |  5.0
Evocations     | 5 |  5.0
Armour         | 6 10 | 10.0
Summonings     | 2 8 10 | 10.0
Dodging        | |  1.7
Stealth        | |  2.1

Action                     |  1- 3 |  4- 6 |  7- 9 | 10-12 | 13-15 | 16-18 | 19-21 || total
---------------------------+-------+-------+-------+-------+-------+-------+-------++-------
  Melee: Club              |     3 |       |       |       |       |       |       ||     3
         Unarmed           |     2 |       |       |       |       |       |       ||     2
         Whip              |     3 |       |       |       |       |       |       ||     3
         Spear             |     1 |     8 |     6 |       |       |       |       ||    15
         Staff             |       |       |       |     6 |    11 |    18 |     1 ||    36
  Throw: Throwing net      |       |       |       |     2 |       |       |       ||     2
   Cast: Sandblast         |    26 |   101 |   154 |   311 |   347 |   143 |       ||  1082
         Stone Arrow       |       |     1 |    27 |   105 |   136 |   252 |    12 ||   533
         Frozen Ramparts   |       |       |       |    13 |    20 |     3 |       ||    36
         Freezing Cloud    |       |       |       |       |   150 |   118 |     1 ||   269
         Ozocubu's Refrige |       |       |       |       |    49 |    85 |     9 ||   143
         Lehudib's Crystal |       |       |       |       |       |    90 |     1 ||    91
         Spellforged Servi |       |       |       |       |       |    51 |     4 ||    55
         Irradiate         |       |       |       |       |       |     3 |       ||     3
  Evoke: Wand              |       |       |       |       |     6 |    20 |     5 ||    31
    Use: Scroll            |       |       |     1 |    17 |    11 |    18 |       ||    47
         Potion            |       |       |       |       |     2 |    13 |     1 ||    16
   Stab: Paralysed         |       |       |       |       |       |     5 |       ||     5
 Armour: Robe              |     9 |    27 |   100 |   256 |   194 |     4 |       ||   590
         Leather armour    |       |       |       |       |       |   445 |    16 ||   461
  Dodge: Dodged            |     5 |    19 |    66 |   205 |   166 |   170 |     3 ||   634

Table legend: (Time is in decaauts)
 A = Elapsed time spent in this place.
 B = Non-inter-level travel time spent in this place.
 C = Inter-level travel time spent in this place.
 D = Time resting spent in this place.
 E = Time spent auto-exploring this place.
 F = Levels seen in this place.
 G = Mean time per level.
                   A        B        C        D        E       F      G
               +--------+--------+--------+--------+--------+-----+--------+
         Total |  48042 |  43971 |   4071 |  12074 |  22499 |  34 | 1413.0 |
       Dungeon |  20462 |  18459 |   2003 |   3815 |  10851 |  15 | 1364.1 |
        Temple |     14 |      8 |      6 |      0 |      0 |   1 |   14.0 |
          Lair |  11746 |  10637 |   1109 |   2571 |   5926 |   5 | 2349.2 |
         Swamp |   5967 |   5565 |    402 |   2112 |   2186 |   4 | 1491.8 |
   Spider Nest |   6921 |   6555 |    366 |   2583 |   2554 |   4 | 1730.2 |
  Orcish Mines |   2506 |   2323 |    183 |    827 |    958 |   2 | 1253.0 |
   Elven Halls |    238 |    238 |      0 |     72 |     23 |   1 |  238.0 |
       Ossuary |     73 |     73 |      0 |     41 |      0 |   1 |   73.0 |
      Ice Cave |    110 |    110 |      0 |     52 |      0 |   1 |  110.0 |
               +--------+--------+--------+--------+--------+-----+--------+

Top non-repeatable levels by time:
  Lair:5: 3603 daAuts
  Lair:4: 2727 daAuts
    D:10: 2621 daAuts
Spider:1: 2315 daAuts
   Orc:2: 2197 daAuts
  Lair:3: 2000 daAuts
    D:13: 1944 daAuts
  Lair:2: 1824 daAuts
     D:8: 1809 daAuts
Spider:3: 1789 daAuts
 Swamp:2: 1677 daAuts
  Lair:1: 1592 daAuts
 Swamp:4: 1577 daAuts
     D:9: 1569 daAuts
Spider:2: 1466 daAuts
